 Dungeon Crawl Stone Soup version 0.19.5 (webtiles) character file.

901 McKennaii the Magician (level 7, -11/37 HPs)
             Began as a Deep Elf Fire Elementalist on May 28, 2017.
             Mangled by a yak (13 damage)
             ... on level 5 of the Dungeon.
             The game lasted 00:15:31 (4139 turns).

McKennaii the Magician (Deep Elf Fire Elementalist) Turns: 4139, Time: 00:15:31

Health: -11/37     AC:  4    Str:  5    XL:     7   Next: 80%
Magic:  2/20       EV: 14    Int: 22    God:
Gold:   181        SH:  0    Dex: 15    Spells: 3 memorised, 15 levels left

rFire  . . .     SeeInvis .     e - +1 short sword (freeze)
rCold  . . .     Gourm    .     a - +0 robe
rNeg   + . .     Faith    .     (no shield)
rPois  .         Spirit   .     (no helmet)
rElec  .         Reflect  .     (no cloak)
rCorr  .         Harm     .     n - +1 pair of gloves
MR     .....                    (no boots)
Stlth  +++.......               i - amulet of magic regeneration
                                (no ring)
                                l - ring of positive energy

@: no status effects
A: no striking features
a: no special abilities


You were on level 5 of the Dungeon.
You were not hungry.

You visited 1 branch of the dungeon, and saw 5 of its levels.
You also visited: Ossuary.

You collected 181 gold pieces.

Inventory:

Hand Weapons
 e - a +1 short sword of freezing (weapon)
Armour
 a - a +0 robe (worn)
 n - a +1 pair of gloves (worn)
Jewellery
 i - an amulet of magic regeneration (around neck)
 l - a ring of positive energy (left hand)
 y - a +3 ring of strength {unknown}
Wands
 g - a wand of disintegration (14/24)
Scrolls
 f - 6 scrolls of teleportation
 j - 4 scrolls of identify
 k - a scroll of enchant weapon
 o - 3 scrolls of remove curse
 p - a scroll of recharging {unknown}
 q - 2 scrolls of blinking {unknown}
 u - a scroll of amnesia
 x - a scroll of random uselessness {unknown}
Potions
 r - a potion of brilliance {unknown}
 s - a potion of invisibility {unknown}
 t - 3 potions of curing {unknown}
Books
 b - a book of Flames

   Spells                             Type                      Level
   a - Flame Tongue                   Conjuration/Fire             1
   b - Throw Flame                    Conjuration/Fire             2
   c - Conjure Flame                  Conjuration/Fire             3
   d - Inner Flame                    Hexes/Fire                   3
   e - Sticky Flame                   Conjuration/Fire             4
   f - Fireball                       Conjuration/Fire             5
Comestibles
 c - 4 bread rations
 d - a royal jelly
 h - 3 meat rations
 v - a slice of pizza
 w - a beef jerky
 z - 4 fruits


   Skills:
 + Level 0.7 Fighting
 + Level 0.6 Short Blades
 + Level 3.4 Dodging
 + Level 4.4 Stealth
 + Level 7.5 Spellcasting
 + Level 4.5 Conjurations
 + Level 5.6 Fire Magic


You had 15 spell levels left.
You knew the following spells:

 Your Spells              Type           Power        Failure   Level  Hunger
a - Flame Tongue          Conj/Fire      ####.        1%          1    None
b - Throw Flame           Conj/Fire      ####..       1%          2    None
c - Conjure Flame         Conj/Fire      ####....     3%          3    None


Dungeon Overview and Level Annotations

Branches:
Dungeon (5/15)
 Temple: D:4-7

Altars:
Ru
The Shining One

Annotations:
D:3 1 runed door


Message History

Aim: a yak (almost dead)
The flame tongue hits the yak.
The yak is moderately wounded.
The yak gores you!
* * * LOW HITPOINT WARNING * * *
Casting: Flame Tongue
Confirm with . or Enter, or press ? or * to list all spells.
Aiming: Flame Tongue
Press: ? - help, Shift-Dir - straight line, f/p - yak
Aim: a yak (almost dead)
Okay, then.
Okay, then.
Okay, then.
Okay, then.
As you read the scroll labeled HAUT BIUGUA, it crumbles to dust.
It is a scroll of brand weapon.
Your +1 short sword of holy wrath is covered with a thin layer of ice!
e - a +1 short sword of freezing (weapon)
The yak gores you!
You die...

##. #.. ##.. #... #..[##
#...# #Y## ##Y## ##@###
##..# #..## ##..# ..#
##..# ...# ########...#
...# #..........##
##...#
#...........#######....#
######................#


You could see 2 yaks.

Vanquished Creatures
  2 yaks (D:5)
  An ice beast (D:5)
  A water moccasin zombie (Ossuary)
  A howler monkey (D:5)
  A hound (D:5)
  An iguana (D:5)
  An orc wizard (D:4)
  A worker ant (D:4)
  5 big kobold zombies (Ossuary)
  3 mummies
  A gnoll (D:1)
  4 adders
  3 oozes
  An adder skeleton (D:5)
  6 adder zombies (Ossuary)
  A worm (D:2)
  A dart slug (D:2)
  4 leopard geckos
  11 orcs
  5 giant cockroaches
  14 goblins
  4 hobgoblins
  8 jackals (D:1)
  A quokka (D:3)
  2 ball pythons
  8 bats
  5 frilled lizards
  2 hobgoblin zombies (Ossuary)
  5 kobolds
  6 kobold zombies (Ossuary)
  5 orc zombies (Ossuary)
  8 rats
122 creatures vanquished.

Notes
Turn   | Place    | Note
-------+----------+-------------------------------------------
     0 | D:1      | McKennaii the Deep Elf Fire Elementalist began the quest for the Orb.
     0 | D:1      | Reached XP level 1. HP: 10/10 MP: 6/6
    84 | D:1      | Reached XP level 2. HP: 15/15 MP: 4/8
   228 | D:1      | Reached XP level 3. HP: 11/19 MP: 0/10
   472 | D:1      | Reached skill level 4 in Spellcasting
   627 | D:1      | Learned a level 2 spell: Throw Flame
   631 | D:1      | Learned a level 3 spell: Conjure Flame
   955 | D:2      | Reached XP level 4. HP: 24/24 MP: 10/12
  2149 | D:3      | Reached skill level 5 in Spellcasting
  2149 | D:3      | Reached XP level 5. HP: 24/28 MP: 9/14
  2163 | D:3      | Found a glowing golden altar of the Shining One.
  2163 | D:3      | Noticed an angel
  2164 | D:3      | Found a runed door.
  2612 | D:4      | Found a sand-covered staircase.
  2624 | Ossuary  | Entered an ossuary
  2972 | Ossuary  | Reached XP level 6. HP: 18/32 MP: 2/16
  3335 | Ossuary  | Reached skill level 6 in Spellcasting
  3874 | D:5      | Entered Level 5 of the Dungeon
  3890 | D:5      | Found a sacrificial altar of Ru.
  3897 | D:5      | Noticed an ice beast
  3902 | D:5      | Killed an ice beast
  3902 | D:5      | Reached skill level 5 in Fire Magic
  3927 | D:5      | Reached XP level 7. HP: 36/36 MP: 11/18
  4076 | D:5      | Noticed a yak
  4087 | D:5      | Killed a yak
  4087 | D:5      | Reached skill level 7 in Spellcasting
  4115 | D:5      | Noticed a yak
  4121 | D:5      | Noticed a yak
  4123 | D:5      | Noticed a yak
  4133 | D:5      | Killed a yak
  4138 | D:5      | HP: 1/37 [yak (16)]
  4139 | D:5      | Mangled by a yak

Skill      XL: |  1  2  3  4  5  6  7 |
---------------+----------------------+-----
Spellcasting   | 4 5 6 7 |  7.5
Stealth        | 3 4 |  4.4
Fire Magic     | 4 5 |  5.6
Conjurations   | 2 3 4 |  4.5
Dodging        | 3 |  3.4
Fighting       | |  0.7
Short Blades   | |  0.6

Action                   |  1- 3 |  4- 6 |  7- 9 || total
-------------------------+-------+-------+-------++-------
Melee: Unarmed           |     6 |       |       ||     6
       Short sword       |     4 |    16 |       ||    20
 Cast: Flame Tongue      |    58 |   172 |    32 ||   262
       Throw Flame       |     1 |     7 |     5 ||    13
       Conjure Flame     |       |       |     2 ||     2
  Use: Scroll            |       |     8 |     1 ||     9
       Potion            |       |     2 |       ||     2
  Eat: Chunk             |       |     5 |       ||     5
       Meat ration       |       |     1 |       ||     1
Armor: Robe              |    11 |    26 |       ||    37
Dodge: Dodged            |    48 |    54 |     5 ||   107
